AoeStats
← Estatico1

Lombardia

509990037Analyzed
2v2 RM · 2d ago on Sep 28, 2026· 36m 53s· 4 players
Game mode
Random Map
Map size
Medium (4 player)
Population
200
Speed
Normal
Resources
Standard
Victory
Conquest
Starting age
Dark Age
Ending age
Imperial Age
RankedLock teamsTeams togetherTeam positionsShared explorationLock speedFull tech treeHidden civsTurbo modeCheats
Victory
Defeat
🇦🇷 Khmer · Argentina
1147
+15
🇦🇷 Berbers · Argentina
1147
+15
🇺🇾 Lithuanians · Uruguay
1183
-18
🇨🇱 Saracens · Chile
1048
-12
SerrisKb
8:01 Loom
10:34 Feudal Age
14:35 Castle Age
28:07 Scale Barding Armor
29:55 Redemption
29:53 Town Watch
jorge7289
3:32 Loom
11:35 Feudal Age
29:56 Castle Age
28:59 Double-Bit Axe
29:52 Gold Mining
Estatico1
2:59 Loom
7:13 Loom
9:47 Feudal Age
10:03 Man-at-Arms
20:44 Castle Age
20:35 Double-Bit Axe
24:10 Forging
28:22 Iron Casting
29:49 Horse Collar
30:56 Scale Barding Armor
31:42 Heavy Plow
31:44 Scale Mail Armor
32:07 Chain Barding Armor
33:50 Wheelbarrow
37:29 Imperial Age
36:09 Fletching
36:35 Gold Mining
^La Nutria Excitadora^
7:26 Loom
10:17 Feudal Age
10:55 Double-Bit Axe
16:12 Bloodlines
16:45 Forging
21:06 Castle Age
19:59 Scale Barding Armor
21:08 Pikeman
23:30 Scale Mail Armor
24:36 Iron Casting
25:56 Chain Mail Armor
25:29 Arson
26:21 Light Cavalry
31:59 Chain Barding Armor
32:35 Husbandry
36:42 Fletching
Connection lost

Rejoining the realm…

Still unreachable

The connection could not be restored.

Session expired

The server has moved on; the page needs a fresh start.